 Dungeon Crawl Stone Soup version 0.29-a0-1009-g60c99734e7 (webtiles) character file.

Game seed: 7610772743407294836

525 Manisian the Covert (level 7, -4/32 HPs)
             Began as a Spriggan Enchanter on Aug 8, 2022.
             Slain by a water moccasin (7 damage)
             ... on level 5 of the Dungeon.
             The game lasted 00:08:44 (4831 turns).

Manisian the Covert (Spriggan Enchanter)            Turns: 4831, Time: 00:08:45

Health: -4/32      AC:  2    Str:  4    XL:     7   Next: 2%
Magic:  13/14      EV: 18    Int: 17    God:
Gold:   236        SH:  0    Dex: 17    Spells: 2/14 levels left

rFire   + . .      SeeInvis +   i - +3 dagger (freeze)
rCold   + . .      Faith    .   (no shield)
rNeg    . . .      Spirit   .   b - +0 robe
rPois   +          Reflect  .   (helmet restricted)
rElec   +          Harm     .   (no cloak)
rCorr   +          Rampage  .   (gloves unavailable)
Will    +....                   (boots unavailable)
Stlth   ++++......              (no amulet)
HPRegen 0.10/turn               (no ring)
MPRegen 0.14/turn               (no ring)

@: resistant, very quick
A: very small, no large weapons, unfitting armour, see invisible, speed 3
a: no special abilities


You were on level 5 of the Dungeon.
You visited 1 branch of the dungeon, and saw 5 of its levels.

You collected 236 gold pieces.

Inventory:

Hand Weapons
 a - a +1 dagger of freezing
 d - a +0 dagger of protection
 i - a +3 dagger of freezing (weapon)
Missiles
 o - 5 datura-tipped darts
 p - 5 silver boomerangs
Armour
 b - a +0 robe (worn)
Jewellery
 l - an amulet of regeneration
 m - the ring of the Squeaky God {rPois rF+ rCorr Int-3 SInv}
   (You found it on level 2 of the Dungeon)

   [ring of see invisible]

   Int:       It affects your intelligence (-3).
   rF:        It protects you from fire.
   rPois:     It protects you from poison.
   SInv:      It lets you see invisible.
   rCorr:     It protects you from acid and corrosion.
Wands
 v - a wand of charming (17)
Scrolls
 c - a scroll of blinking {unknown}
 k - a scroll of enchant armour {unknown}
 r - a scroll of torment {unknown}
 s - a scroll of teleportation
 t - 3 scrolls of identify
 u - a scroll of amnesia {unknown}
Potions
 e - 4 potions of mutation
 g - a potion of resistance
 h - 2 potions of might
 j - a potion of heal wounds
 n - a potion of degeneration {unknown}
 q - a potion of attraction {unknown}


   Skills:
 + Level 0.2 Fighting
 + Level 2.8 Short Blades
 + Level 3.0 Dodging
 * Level 9.6 Stealth
 + Level 4.0 Spellcasting
 + Level 4.7 Hexes
 + Level 1.3 Ice Magic


You had 2 spell levels left.
You knew the following spells:

 Your Spells              Type           Power      Damage    Failure   Level
a - Ensorcelled Hibernat  Hex/Ice        26%        N/A       7%          2
b - Tukima's Dance        Hex            19%        N/A       7%          3
c - Confusing Touch       Hex            19%        N/A       7%          3
d - Dazzling Flash        Conj/Hex       22%        N/A       19%         3
e - Slow                  Hex            76%        N/A       2%          1

Your spell library contained the following spells:

 Spells                   Type           Power      Damage    Failure   Level
 Summon Small Mammal      Summ           12%        N/A       16%         1
 Summon Guardian Golem    Hex/Summ       11%        N/A       19%         3
 Call Canine Familiar     Summ           3%         N/A       43%         3
 Vampiric Draining        Necr           3%         2d6       43%         3


Dungeon Overview and Level Annotations

Branches:
Dungeon (5/15)
 Temple: D:4-7

Altars:
Elyvilon
Zin

Shops:
D:2 [


Innate Abilities, Weirdness & Mutations

You are very small and have problems with some larger weapons.
You are too small for most types of armour.
You have supernaturally acute eyesight. (SInv)
You cover ground extremely quickly. (Speed+++)


Message History

The water moccasin bites you.
* * * LOW HITPOINT WARNING * * *
It was a potion of heal wounds.
You feel much better.
You feel very sick. The water moccasin misses you.
You hit the water moccasin.
The water moccasin seems to slow down.
You freeze the water moccasin.
The water moccasin is lightly wounded.
You feel sick. The water moccasin closely misses you.
You hit the water moccasin.
The water moccasin seems to slow down.
You freeze the water moccasin.
The water moccasin is moderately wounded.
You feel sick. The water moccasin barely misses you.
You hit the water moccasin. You freeze the water moccasin.
The water moccasin is heavily wounded.
You feel sick. The water moccasin bites you!
You barely miss the water moccasin.
The water moccasin is heavily wounded.
You feel sick. The water moccasin bites you!
* * * LOW HITPOINT WARNING * * *
You hit the water moccasin but do no damage.
The water moccasin is heavily wounded.
Unknown command.
You feel much better.
You feel sick. The water moccasin bites you.
You closely miss the water moccasin.
The water moccasin is heavily wounded.
You feel sick.
The water moccasin is no longer moving slowly.
The water moccasin bites you.
You hit the water moccasin. You freeze the water moccasin.
The water moccasin is heavily wounded.
You feel sick. The water moccasin barely misses you.
You closely miss the water moccasin.
The water moccasin is heavily wounded.
You feel sick.
You are no longer poisoned.
The water moccasin bites you!
* * * LOW HITPOINT WARNING * * *
The water moccasin bites you!
You die...

.##### #.#
#.##......).... #.#
#.##.....#†..## #.#
#...........## #.#
####.....#### #.#
#.....# #.# ###.###
#.# #.###### #.#####
#......# #.)S@.#
######.#
#####.###########.#
#>............#
#..##########.# #..#
#.# ####..# #.#
#.....##########.#
###................#
#.......####.......###


You could see a water moccasin.

Vanquished Creatures
  A black bear (D:5)
  4 scorpions (D:4)
  An iguana (D:5)
  4 gnolls (D:5)
  6 adders
  A shadow imp (D:3)
  2 worms
  A dart slug (D:5)
  An orc (D:5)
  An endoplasm (D:1)
  2 giant cockroaches
  11 goblins
  3 hobgoblins (D:2)
  3 jackals (D:3)
  4 quokkas
  10 ball pythons
  6 bats
  4 frilled lizards
  5 kobolds
  2 rats
72 creatures vanquished.

Vanquished Creatures (others)
  A dancing weapon (D:5)
  4 fungi (D:4)
5 creatures vanquished.

Grand Total: 77 creatures vanquished

Notes
Turn   | Place    | Note
-------+----------+-------------------------------------------
     0 | D:1      | Manisian the Spriggan Enchanter began the quest for the
                  | Orb.
     0 | D:1      | Reached XP level 1. HP: 9/9 MP: 5/5
   392 | D:1      | Reached XP level 2. HP: 13/13 MP: 6/6
   395 | D:1      | Learned a level 2 spell: Ensorcelled Hibernation
   450 | D:1      | Reached skill level 5 in Stealth
   865 | D:1      | Found a faded altar of an unknown god.
  1481 | D:2      | Reached XP level 3. HP: 11/16 MP: 8/8
  1485 | D:2      | Learned a level 3 spell: Tukima's Dance
  1686 | D:2      | Found Bumeb's Armour Shop.
  1889 | D:2      | Identified the ring of the Squeaky God {rPois rF+ rCorr
                  | Int-3 SInv}
  2654 | D:3      | Reached skill level 6 in Stealth
  2868 | D:3      | Found a white marble altar of Elyvilon.
  3180 | D:3      | Reached XP level 4. HP: 21/21 MP: 9/9
  3590 | D:4      | Noticed a scorpion
  3598 | D:4      | Killed a scorpion
  3599 | D:4      | Reached XP level 5. HP: 24/24 MP: 10/10
  3603 | D:4      | Learned a level 3 spell: Confusing Touch
  3620 | D:4      | Reached skill level 7 in Stealth
  3647 | D:4      | Found a glowing silver altar of Zin.
  3768 | D:4      | Reached skill level 8 in Stealth
  3768 | D:4      | Reached skill level 1 in Ice Magic
  3768 | D:4      | Reached XP level 6. HP: 11/28 MP: 8/12
  3954 | D:4      | Learned a level 3 spell: Dazzling Flash
  3977 | D:4      | Found the +7 Singing Sword {vorpal, sonic wave}
  4268 | D:5      | Entered Level 5 of the Dungeon
  4306 | D:5      | Reached skill level 9 in Stealth
  4453 | D:5      | Learned a level 1 spell: Slow
  4708 | D:5      | Reached XP level 7. HP: 14/32 MP: 1/14
  4831 | D:5      | Slain by a water moccasin

Illustrated notes

Levels and vault maps discovered:
D:1:      dpeg_arrival_central, layout_loops_corners,
          dreamdust_ecumenical_altar_hidden_monk_grotto, minmay_misc_feat_plants
D:2:      layout_loops_corners, serial_shops, nicolae_shop_hallway_stairs
D:3:      layout_basic, mainiacjoe_overflow_cross_hatched
D:4:      old_forge, layout_basic, mainiacjoe_overflow_six_doors_small
D:5:      layout_loops_ring, nicolae_qazlal_style_of_elements,
          kennysheep_diamond

Skill      XL: |  1  2  3  4  5  6 |
---------------+-------------------+-----
Stealth        | 5 6 8 9 |  9.6
Hexes          | 4 |  4.7
Short Blades   | 2 |  2.8
Spellcasting   | 3 4 |  4.0
Ice Magic      | 1 |  1.3
Dodging        | 3 |  3.0
Fighting       | |  0.2

Action                   |  1- 3 |  4- 6 |  7- 9 || total
-------------------------+-------+-------+-------++-------
Melee: Dagger            |    75 |    64 |    15 ||   154
       Punch             |     2 |     1 |       ||     3
 Cast: Ensorcelled Hiber |    21 |    29 |     1 ||    51
       Tukima's Dance    |       |     1 |       ||     1
       Slow              |       |       |     2 ||     2
  Use: Scroll            |     7 |       |       ||     7
       Potion            |       |     5 |     3 ||     8
 Stab: Sleeping          |    31 |    17 |       ||    48
       Invisible         |       |     3 |       ||     3
Armor: Robe              |     2 |     1 |       ||     3
Dodge: Dodged            |    34 |    56 |    11 ||   101

Table legend: (Time is in decaauts)
 A = Elapsed time spent in this place.
 B = Non-inter-level travel time spent in this place.
 C = Inter-level travel time spent in this place.
 D = Time resting spent in this place.
 E = Time spent auto-exploring this place.
 F = Levels seen in this place.
 G = Mean time per level.
                   A        B        C        D        E       F      G
               +--------+--------+--------+--------+--------+-----+--------+
         Total |   3699 |   3611 |     88 |    192 |   2902 |   5 |  739.8 |
       Dungeon |   3699 |   3611 |     88 |    192 |   2902 |   5 |  739.8 |
               +--------+--------+--------+--------+--------+-----+--------+

Top non-repeatable levels by time:
     D:2: 932 daAuts
     D:3: 867 daAuts
     D:1: 844 daAuts
     D:4: 585 daAuts
     D:5: 470 daAuts
